 Dungeon Crawl Stone Soup version 0.31-a0-325-g067879e3d3 (webtiles) character file.

Game seed: 17265779887717410051

118 Essalna the Sneak (level 4, 23/23 HPs)
             Began as a Spriggan Venom Mage on July 17, 2023.
             Got out of the dungeon alive.
             The game lasted 00:06:17 (3182 turns).

Essalna the Sneak (Spriggan Venom Mage)             Turns: 3182, Time: 00:06:18

Health: 23/23      AC:  2    Str:  4    XL:     4   Next: 72%
Magic:  9/9        EV: 17    Int: 18    God:
Gold:   164        SH:  0    Dex: 15    Spells: 3/8 levels left

rFire   . . .        k - +0 rapier
rCold   . . .        (no shield)
rNeg    + . .        a - +0 robe
rPois   .            (helmet restricted)
rElec   .            (no cloak)
rCorr   .            (gloves unavailable)
SInv    +            (boots unavailable)
Will    .....        (no amulet)
Stlth   +++          m - ring of positive energy
HPRegen 0.23/turn    (no ring)
MPRegen 0.11/turn

%: no passive effects
@: very quick
A: very small, no large weapons, unfitting armour, see invisible, speed 3
a: no special abilities


You escaped.
You visited 1 branch of the dungeon, and saw 3 of its levels.

You collected 164 gold pieces.

Inventory:

Hand Weapons
 k - a +0 rapier (weapon)
Armour
 a - a +0 robe (worn)
 d - an orb of wrath
Jewellery
 m - a ring of positive energy (left hand)
Scrolls
 c - 2 scrolls of vulnerability
 e - a scroll of poison
 f - a scroll of noise
Potions
 b - a potion of magic
 g - 2 potions of curing
 h - a potion of mutation {unknown}
 i - a potion of degeneration {unknown}
 j - a potion of brilliance {unknown}
 l - a potion of cancellation {unknown}


   Skills:
 + Level 2.1 Fighting
 - Level 2.6 Dodging
 + Level 4.4 Stealth
 - Level 2.6 Spellcasting
 - Level 1.3 Transmutations
 + Level 4.1 Poison Magic


You had 3 spell levels left.
You knew the following spells:

 Your Spells              Type           Power      Damage    Failure   Level
a - Sting                 Tmut/Pois      48%        1d5       5%          1
b - Olgreb's Toxic Radia  Pois           17%        N/A       30%         4

Your spell library contained the following spells:

 Spells                   Type           Power      Damage    Failure   Level
 Poisonous Vapours        Pois/Air       18%        N/A       11%         2
 Shock                    Conj/Air       8%         1d3       17%         1
 Mephitic Cloud           Conj/Pois/Air  7%         N/A       28%         3
 Ozocubu's Armour         Ice            2%         N/A       45%         3
 Swiftness                Air            2%         N/A       45%         3
 Airstrike                Air            1%         2d(1-17)  86%         4
 Metabolic Englaciation   Hex/Ice        1%         N/A       99%         5
 Simulacrum               Ice/Necr       1%         N/A       100%        6


Dungeon Overview and Level Annotations

Branches:
Dungeon (3/15)

Altars:


Innate Abilities, Weirdness & Mutations

You are very small and have problems with some larger weapons.
You are too small for most types of armour.
You have supernaturally acute eyesight. (SInv)
You cover ground extremely quickly. (Speed+++)


Message History

Your magical contamination has completely faded away.
Key pressed, stopping explore.
Found a stone staircase leading down.
Key pressed, stopping explore.
Found 2 poisoned darts.
No target in view!
You now have 164 gold pieces (gained 11).
Key pressed, stopping explore.
You see here 2 poisoned darts.
A goblin comes into view. It is wielding a +0 dagger.
You can't see any susceptible monsters within range! (Use Z to cast anyway.)
You can't see any susceptible monsters within range! (Use Z to cast anyway.)
You can't see any susceptible monsters within range! (Use Z to cast anyway.)
You can't see any susceptible monsters within range! (Use Z to cast anyway.)
You can't see any susceptible monsters within range! (Use Z to cast anyway.)
You can't see any susceptible monsters within range! (Use Z to cast anyway.)
The sting hits the goblin.
The goblin is poisoned.
You kill the goblin!
You can't see any susceptible monsters within range! (Use Z to cast anyway.) No target in view!
You can't see any susceptible monsters within range! (Use Z to cast anyway.)
As you read the scroll labelled WOANWY ITESICVUA, it crumbles to dust.
A profound silence engulfs you.
It was a scroll of silence.
Welcome back, Essalna the Spriggan Venom Mage.
Press ? for a list of commands and other information.
There is a stone staircase leading up here.
You climb upwards.
There is a stone staircase leading down here.
Magic restored.
There is a stone staircase leading up here.
You climb upwards.
There is a stone staircase leading down here.
Things that are here:
2 stones; a +0 dagger Your hearing returns.
There is a staircase leading out of the dungeon here.
Are you sure you want to leave the Dungeon?
This will make you lose the game! [Y]es or [N]o only, please.
Are you sure you want to leave the Dungeon?
This will make you lose the game!
You have escaped!

#.# #.###.# ####...............
#.# #...#.# #...............
##.###...#.# #...............
...........# ##########.........
...###...######...###...###.####.
...# #...# #.............#.# #.
...# #...####.............#.# #.
...# #...(.....###...###....# #.
...# #.†.###...#@......#....# #.
...# ###.# #...#.......#....# #.
...# #.####.............#.# #.
[..# #...##......#......#.####.
...# ###)##.............#....#.
#### #.....#.......#.....#.#)
###...#......>#.........
#...###...###.......#[
##.............#....#.


There were no monsters in sight!

Vanquished Creatures
  A gnoll (D:1)
  5 adders
  3 dart slugs
  An orc (D:2)
  8 ball pythons
  4 endoplasms
  A giant cockroach (D:2)
  5 goblins
  2 hobgoblins
  6 jackals (D:1)
  6 kobolds
  2 quokkas
  6 bats
  2 frilled lizards (D:2)
  4 rats (D:1)
56 creatures vanquished.

Notes
Turn   | Place    | Note
-------+----------+-------------------------------------------
     0 | D:1      | Essalna the Spriggan Venom Mage began the quest for the
                  | Orb.
     0 | D:1      | Reached XP level 1. HP: 9/9 MP: 5/5
    95 | D:1      | Found a faded altar of an unknown god.
   252 | D:1      | Reached XP level 2. HP: 5/14 MP: 0/6
   484 | D:1      | Reached skill level 1 in Fighting
   761 | D:1      | Reached XP level 3. HP: 10/18 MP: 2/8
  1761 | D:2      | Reached XP level 4. HP: 15/23 MP: 0/9
  2321 | D:3      | Learned a level 4 spell: Olgreb's Toxic Radiance
  2534 | D:3      | Identified the +0 leather armour of Efiores {Dex+4}
  3112 | D:3      | Upgraded the game from 0.31-a0-313-g785cd24033 to
                  | 0.31-a0-325-g067879e3d3
  3182 | D:$      | Got out of the dungeon alive.

Illustrated notes

Levels and vault maps discovered:
D:1:      minmay_arrival_open_corners, layout_basic,
          dreamdust_ecumenical_altar_angels_and_demons
D:2:      layout_loops_ring, nicolae_elevator_lobby_asterisk
D:3:      layout_basic

Skill      XL: |  1  2  3  4 |
---------------+-------------+-----
Fighting       | 1 2 |  2.1
Stealth        | 4 |  4.4
Poison Magic   | 4 |  4.1
Dodging        | |  2.6
Spellcasting   | |  2.6
Transmutations | |  1.3

Action                     |  1- 3 |  4- 6 || total
---------------------------+-------+-------++-------
  Melee: Unarmed           |    59 |       ||    59
         Rapier            |     8 |     5 ||    13
   Cast: Sting             |    89 |    37 ||   126
    Use: Scroll            |     1 |     5 ||     6
 Armour: Robe              |    12 |     5 ||    17
  Dodge: Dodged            |   111 |    31 ||   142

Table legend: (Time is in decaauts)
 A = Elapsed time spent in this place.
 B = Non-inter-level travel time spent in this place.
 C = Inter-level travel time spent in this place.
 D = Time resting spent in this place.
 E = Time spent auto-exploring this place.
 F = Levels seen in this place.
 G = Mean time per level.
                   A        B        C        D        E       F      G
               +--------+--------+--------+--------+--------+-----+--------+
         Total |   2439 |   2394 |     45 |      0 |   1947 |   3 |  813.0 |
       Dungeon |   2439 |   2394 |     45 |      0 |   1947 |   3 |  813.0 |
               +--------+--------+--------+--------+--------+-----+--------+

Top non-repeatable levels by time:
     D:1: 1096 daAuts
     D:3: 673 daAuts
     D:2: 670 daAuts
